 Dungeon Crawl Stone Soup version 0.31.0-9-g3a7656b989 (webtiles) character file.

Game seed: 9963098509232973979

1493223 Colgate the Slayer (level 25, 255/255 HPs)
             Began as a Minotaur Fighter on Jan 24, 2024.
             Was an Elder of Nemelex Xobeh.
             Escaped with the Orb
             ... and 3 runes on Jan 25, 2024!
             The game lasted 02:12:47 (83009 turns).

Colgate the Slayer (Minotaur Fighter)              Turns: 83009, Time: 02:12:48

Health: 255/255    AC: 36    Str: 32    XL:     25   Next: 18%
Magic:  34/34      EV: 17    Int:  6    God:    Nemelex Xobeh [****..]
Gold:   891        SH: 24    Dex: 11    Spells: 24/24 levels left

rFire   + + +        a - +9 broad axe (flame)
rCold   + . .        c - +1 tower shield {rF+}
rNeg    + . .        Q - +0 gold dragon scales
rPois   +            S - +2 hat
rElec   +            z - +2 cloak {rCorr}
rCorr   +            E - +2 pair of gloves
SInv    +            (no boots)
Will    ++++.        L - amulet of the Lotus Blossom {Acrobat rF+} Stlth
                     h - ring of Res Nullius {Wiz rElec Int+3 SInv Stlth+}
HPRegen 0.62/turn    O - ring "Ypi Morei" {rN+ Will++ rCorr EV+5}
MPRegen 0.24/turn

%: acrobat, wizardry (x1)
@: studying Unarmed Combat
A: horns 2, retaliatory headbutt, hooves 1, dopey 1, fire resistance 1,
strong-willed 1
0: Orb of Zot
}: 3/15 runes: decaying, serpentine, silver
a: Renounce Religion, Draw Escape, Draw Destruction, Draw Summoning, Triple
Draw, Deal Four


You escaped.
You worshipped Nemelex Xobeh.
Nemelex Xobeh was greatly pleased with you.
You visited 8 branches of the dungeon, and saw 44 of its levels.
You also visited: Ossuary.

You collected 5284 gold pieces.
You spent 4393 gold pieces at shops.

Inventory:

Hand Weapons
 a - a +9 broad axe of flaming (weapon)
Missiles
 R - a throwing net (quivered) {!f}
Armour
 c - a +1 tower shield of fire resistance (worn)
 z - a +2 cloak of preservation (worn)
 E - a +2 pair of gloves (worn)
 Q - +0 gold dragon scales (worn)
 S - a +2 hat (worn)
Jewellery
 h - the ring of Res Nullius (left hand) {Wiz rElec Int+3 SInv Stlth+}
   (You bought it in a shop on level 3 of the Depths)

   [ring of wizardry]

   Wiz:       It improves your spell success rate.
   Int+3:     It affects your intelligence (+3).
   rElec:     It insulates you from electricity.
   SInv:      It lets you see invisible.
   Stlth+:    It makes you more stealthy.
 m - a ring of poison resistance
 y - a ring of protection from cold
 H - a ring of flight
 L - the amulet of the Lotus Blossom (around neck) {Acrobat rF+}
   (You found it on level 2 of the Lair of Beasts)

   [amulet of the acrobat]

   Acrobat:   It increases your evasion while moving and waiting.
   rF+:       It protects you from fire.
 O - the ring "Ypi Morei" (right hand) {rN+ Will++ rCorr EV+5}
   (You found it on level 1 of the Lair of Beasts)

   [ring of evasion]

   EV+5:      It affects your evasion (+5).
   rN+:       It protects you from negative energy.
   Will++:    It greatly increases your willpower.
   rCorr:     It protects you from acid and corrosion.
 Z - a ring of protection from fire
Wands
 o - a wand of polymorph (22)
 p - a wand of iceblast (56) {@v2}
 s - a wand of mindburst (23)
 F - a wand of flame (122)
 M - a wand of paralysis (35)
 W - a wand of light (11) {@v1}
 Y - a wand of digging (18) {@v3}
Scrolls
 e - 8 scrolls of poison
 i - 3 scrolls of vulnerability
 j - 6 scrolls of torment
 l - 30 scrolls of identify {@r1}
 r - 12 scrolls of noise
 t - 4 scrolls of summoning
 u - 5 scrolls of immolation
 v - 17 scrolls of teleportation {@r3}
 x - a scroll of blinking {@r4}
 B - 9 scrolls of fog
 G - 3 scrolls of brand weapon
 K - 6 scrolls of fear
 N - 4 scrolls of silence
Potions
 b - 6 potions of lignification
 d - 4 potions of might {@q3}
 f - 14 potions of curing {@q1}
 g - 5 potions of attraction
 k - 7 potions of enlightenment
 n - a potion of haste {@q4}
 w - 2 potions of cancellation
 A - 3 potions of resistance {@q5}
 D - 3 potions of invisibility
 J - 4 potions of mutation
 U - 3 potions of heal wounds {@q2}
 V - 2 potions of ambrosia
Miscellaneous
 q - a box of beasts
 I - a phial of floods
 P - a phantom mirror
 T - a tin of tremorstones (2/2)


   Skills:
 + Level 26.5 Fighting
 - Level 18.0 Axes
 + Level 26.3 Armour
 + Level 12.3 Dodging
 + Level 24.5 Shields
 + Level 16.4 Invocations
 + Level 13.3 Evocations


You had 24 spell levels left.
You didn't know any spells.
Your spell library contained the following spells:

 Spells                   Type           Power      Damage    Failure   Level
 Apportation              Tloc           0%         N/A       71%         1
 Necrotise                Necr           0%         1d4       71%         1
 Sting                    Conj/Alch      0%         1d3       71%         1
 Summon Small Mammal      Summ           0%         N/A       71%         1
 Blink                    Tloc           0%         N/A       83%         2
 Cigotuvi's Dreadful Rot  Necr/Alch/Air  0%         N/A       83%         2
 Ensorcelled Hibernation  Hex/Ice        0%         N/A       83%         2
 Lesser Beckoning         Tloc           0%         N/A       83%         2
 Mercury Vapours          Alch/Air       0%         N/A       83%         2
 Momentum Strike          Conj/Tloc      0%         3d8       83%         2
 Sublimation of Blood     Necr           0%         N/A       83%         2
 Call Canine Familiar     Summ           0%         N/A       96%         3
 Confusing Touch          Hex            0%         N/A       96%         3
 Dazzling Flash           Conj/Hex       0%         N/A       96%         3
 Frozen Ramparts          Ice            0%         1d1       96%         3
 Fugue of the Fallen      Necr           0%         N/A       96%         3
 Gell's Gravitas          Tloc           0%         N/A       96%         3
 Hailstorm                Conj/Ice       0%         3d5       96%         3
 Mephitic Cloud           Conj/Alch/Air  0%         N/A       96%         3
 Ozocubu's Armour         Ice            0%         N/A       96%         3
 Passwall                 Erth           0%         N/A       96%         3
 Sigil of Binding         Hex            0%         N/A       96%         3
 Stone Arrow              Conj/Erth      0%         3d7       96%         3
 Summon Ice Beast         Ice/Summ       0%         N/A       96%         3
 Swiftness                Air            0%         N/A       96%         3
 Teleport Other           Tloc           0%         N/A       96%         3
 Tukima's Dance           Hex            0%         N/A       96%         3
 Volatile Blastmotes      Fire/Tloc      0%         2d10      96%         3
 Anguish                  Hex/Necr       0%         N/A       100%        4
 Animate Dead             Necr           0%         N/A       100%        4
 Brom's Barrelling Bould  Conj/Erth      0%         2d3       100%        4
 Cause Fear               Hex            0%         N/A       100%        4
 Dimensional Bullseye     Hex/Tloc       0%         N/A       100%        4
 Dispel Undead            Necr           0%         3d6       100%        4
 Fulminant Prism          Conj/Alch      0%         3d5       100%        4
 Ignite Poison            Fire/Alch      0%         N/A       100%        4
 Iskenderun's Mystic Bla  Conj/Tloc      0%         2d3       100%        4
 Leda's Liquefaction      Alch/Erth      0%         N/A       100%        4
 Manifold Assault         Tloc           0%         N/A       100%        4
 Martyr's Knell           Necr/Summ      0%         N/A       100%        4
 Olgreb's Toxic Radiance  Alch           0%         N/A       100%        4
 Petrify                  Alch/Erth      0%         N/A       100%        4
 Sticky Flame             Fire/Alch      0%         2d4       100%        4
 Vhi's Electric Charge    Tloc/Air       0%         N/A       100%        4
 Arcjolt                  Conj/Air       0%         1d10      100%        5
 Fireball                 Conj/Fire      0%         3d3       100%        5
 Freezing Cloud           Conj/Ice/Air   0%         6-21      100%        5
 Irradiate                Conj/Alch      0%         3d11      100%        5
 Iskenderun's Battlesphe  Conj           0%         2d6       100%        5
 Lee's Rapid Deconstruct  Erth           0%         3d4*      100%        5
 Metabolic Englaciation   Hex/Ice        0%         N/A       100%        5
 Silence                  Hex/Air        0%         N/A       100%        5
 Bombard                  Conj/Erth      0%         9d1       100%        6
 Conjure Ball Lightning   Conj/Air       0%         3x3d6     100%        6
 Death Channel            Necr           0%         N/A       100%        6
 Dispersal                Tloc           0%         N/A       100%        6
 Plasma Beam              Fire/Air       0%         2x1d10    100%        6
 Sculpt Simulacrum        Ice/Alch       0%         N/A       100%        6
 Enfeeble                 Hex            0%         N/A       100%        7
 Haunt                    Necr/Summ      0%         N/A       100%        7
 Orb of Destruction       Conj           0%         9d5       100%        7
 Ozocubu's Refrigeration  Ice            0%         4d7       100%        7
 Discord                  Hex            0%         N/A       100%        8
 Disjunction              Tloc           0%         N/A       100%        8
 Ignition                 Fire           0%         3d3       100%        8
 Infestation              Necr           0%         N/A       100%        8
 Polar Vortex             Ice            0%         N/A       100%        9


Dungeon Overview and Level Annotations

Branches:
Dungeon (15/15)            Temple (0/1) D:6            Lair (5/5) D:9
  Swamp (4/4) Lair:3        Snake (4/4) Lair:2        Slime (0/5) Lair:4
    Orc (2/2) D:11            Elf (0/3) Orc:2        Vaults (5/5) D:13
  Crypt (0/3) Vaults:2     Depths (4/4) D:15            Zot (5/5) Depths:4
Ossuary (visited)

Altars:
Ashenzari
Cheibriados
Dithmenos
Elyvilon
Gozag
Kikubaaqudgha
Nemelex Xobeh
Okawaru
Ru
Sif Muna
Trog
Uskayaw
Vehumet
Wu Jian
Xom
Yredelemnul
Zin
The Shining One
Jiyva

Shops:
D:4 *?   D:6 **   D:14 *   Orc:2 :*(!   Snake:1 !   Vaults:1 :   Vaults:4 ?
Depths:1 (*?   Depths:3 =:==   Depths:4 [(

Portals:
Hell: Depths:1 Depths:2 Depths:3 Depths:4
Abyss: Depths:2 Depths:3
Pandemonium: Orc:2 Depths:2
Ziggurat: Depths:1

Annotations:
D:10 exclusion: obsidian statue
D:12 exclusions: oklob plant and oklob sapling
Depths:2 1 runed translucent door
Zot:5 2 transporters, Muataran's ghost, veteran MiMo
Abyss:1 Rupert


Innate Abilities, Weirdness & Mutations

You have a pair of horns on your head.
You reflexively headbutt those who attack you in melee.
You have large cloven feet.
You are dopey. (Int -2)
Your flesh is heat resistant. (rF+)
You are strong-willed. (Will+)


Message History

Unknown command.
A sixfirhy comes into view.
You block the sixfirhy's attack. x3; The sixfirhy moves out of view.
The sixfirhy completely misses you.
You flicker for a moment.
The sixfirhy completely misses you. You furiously retaliate!
You headbutt the sixfirhy! You block the sixfirhy's attack. x4
The sixfirhy misses you. The sixfirhy completely misses you.
The sixfirhy hits you but does no damage.
The cacodemon gestures next to the sixfirhy.
You hear a grinding noise.
An ice devil comes into view.
You flicker back into view.
The sixfirhy closely misses you. You furiously retaliate!
You headbutt the sixfirhy!! You block the sixfirhy's attack.
The sixfirhy hits you but does no damage.
The sixfirhy barely misses you. You furiously retaliate!
You headbutt the sixfirhy!
You kill the sixfirhy!
The sixfirhy completely misses you. You furiously retaliate!
You headbutt the sixfirhy! You block the sixfirhy's attack. x2
There is an escape hatch in the floor here.
The sixfirhy completely misses you. You block the sixfirhy's attack.
You see here 6 stones.
There is an escape hatch in the ceiling, spattered with blood here.
You block the sixfirhy's attack. A mysterious force pulls you upwards.
The hatch slams shut behind you.
(D) Dungeon (T) Temple (L) Lair (S) Swamp (P) Snake Pit (M) Slime Pits (O) Orcish Mines (E) Elven Halls (V) Vaults (C) Crypt (U) Depths (H) Hell (Z) Zot
Where to? (Tab/Enter - D:1 @ (x,y), ? - help)
What level of the Dungeon? (default 1, ? - help)
There is a stone staircase leading up here.
You climb upwards.
There is a stone staircase leading down here.
There is a staircase leading out of the dungeon here.
You have escaped!

#.# #.#..####.####..##.###..#
#.# #...###.....######......#
##.#
##..##.#8~8#.#......#.###
...# #..##.#≈~≈#.######.#.#
##.# #..##.#8≈8#.# #.#.# #.#
#.^.#.#≈≈≈#.# #.#.#
##.######.###.#8≈8#.# #.#.#
..........# ##.....## #.#.#
##.......## ##.@.## #.#.#
#.#####.# ######## #.#.# #.#
#.# ####.###.# #.#.# #.#
#.####........# #.#.#
#.#####.............#####.#.#
#............#####........#.#
############## #.########.#
#..........# ############


There were no monsters in sight!

Vanquished Creatures
  6 dread liches
  Frederick (Depths:2)
  4 ancient liches
  2 orbs of fire (Zot:5)
  Mara (Depths:1)
  A juggernaut (Depths:4)
  Sojobo (Depths:1)
  Bai Suzhen (Vaults:3)
  Margery (Depths:4)
  3 caustic shrikes (Depths:4)
  2 Killer Klowns (Zot:5)
  A pandemonium lord (D:8)
  A curse toe (Zot:5)
  3 golden dragons
  Nikola (Snake:4)
  2 electric golems
  10 tentacled monstrosities
  Mlioglotl (Swamp:2)
  Jorgrun (D:15)
  A Hell Sentinel (D:10)
  7 liches
  3 titans (Vaults:5)
  2 walking crystal tomes (Depths:3)
  24 Orb Guardians
  9 quicksilver dragons
  7 sphinxes
  5 death cobs
  A walking divine tome (Depths:3)
  Kirke (D:14)
  An ancient champion (Vaults:2)
  8 tengu reavers
  A thorn hunter (Swamp:4)
  6 shadow dragons
  Agnes (Snake:4)
  6 protean progenitors
  4 nagarajas
  12 storm dragons
  5 draconian monks
  A daeva (Depths:4)
  A draconian knight (Zot:3)
  4 fire giants
  8 frost giants
  A deep elf sorcerer (Depths:2)
  2 caustic shrike zombies (Depths:2)
  An iron dragon (Zot:4)
  5 draconian scorchers
  A draconian shifter (Zot:1)
  2 ghost moths
  17 vault wardens
  15 ironbound preservers
  8 draconian annihilators
  5 draconian stormcallers
  3 formless jellyfish
  24 very ugly things
  16 stone giants
  A deep elf demonologist (Vaults:5)
  9 ironbound thunderhulks
  5 deep elf death magi
  5 green draconians
  12 black draconians
  4 war gargoyles (Vaults:5)
  4 eleionomae
  4 vampire knights
  10 bunyips
  2 deep elf annihilators (Vaults:5)
  10 purple draconians
  11 red draconians
  2 lorocyprocas
  7 dire elephants
  6 white draconians
  9 yellow draconians
  5 spark wasps
  15 ettins
  2 green deaths
  Snorg (Lair:3)
  4 shambling mangroves
  5 fire dragons
  2 blizzard demons
  3 crystal guardians
  4 deep elf high priests
  12 yaktaur captains
  A peacekeeper (Vaults:4)
  35 vault guards
  Fannar (Lair:1)
  16 hydras
  4 great orbs of eyes
  2 hell beasts
  A rakshasa (Depths:2)
  2 spriggan air magi (Depths:2)
  17 anacondas
  6 ice dragons
  2 demonspawn (Orc:2)
  11 ironbound frosthearts
  10 alligators
  2 ogre magi (Vaults:5)
  3 boulder beetles
  A catoblepas (Lair:3)
  10 centaur warriors
  3 satyrs
  3 two-headed ogres
  2 sphinx skeletons
  Urug (Lair:1)
  2 hell hogs
  15 naga warriors
  8 tengu warriors
  7 deep troll earth magi
  A vampire mage (D:15)
  3 deep troll shamans
  2 occultists (Depths:2)
  2 death yaks (Lair:5)
  4 orc high priests (Orc:2)
  10 shock serpents
  10 naga sharpshooters
  2 spriggan berserkers
  3 sun demons
  19 hell knights
  5 salamander mystics
  A spark wasp zombie (Depths:2)
  7 goliath frogs
  12 skeletal warriors
  50 deep trolls
  2 death drakes (Swamp:3)
  2 skysharks
  5 iron trolls
  A sixfirhy (D:3)
  5 glowing orange brains
  A large abomination (Depths:3)
  8 bog bodies
  A sea snake (Snake:3)
  6 spriggan druids
  10 mana vipers
  8 naga ritualists
  22 ironbound convokers
  11 swamp dragons
  7 phantasmal warriors
  A flayed ghost (Vaults:4)
  9 arcanists
  2 deep elf pyromancers (D:13)
  9 orc knights
  10 necromancers
  3 lindwurms
  A deep elf zephyrmancer (Vaults:5)
  A harpy (shapeshifter) (D:13)
  6 harpies
  2 manticores (D:13)
  16 moths of wrath
  5 elephants (Lair:3)
  5 orc sorcerers
  43 ugly things
  2 will-o-the-wisps (Swamp:3)
  A faun (shapeshifter) (Vaults:5)
  A tengu skeleton (Vaults:2)
  A wolf spider (Lair:5)
  10 cyclopes
  13 guardian serpents
  4 meliai
  18 salamanders
  A rust devil (Depths:2)
  A torpor snail (Lair:5)
  18 naga magi
  51 black mambas
  A kobold blastminer (Orc:1)
  7 cane toads
  13 vault sentinels
  4 unseen horrors
  3 gargoyles (D:13)
  3 eyes of devastation (Zot:3)
  5 smoke demons
  A kobold demonologist (D:10)
  A rime drake (Lair:1)
  2 freezing wraiths (Vaults:5)
  2 efreet (D:15)
  20 yaktaurs
  4 komodo dragons
  5 tengu conjurers
  Jeremiah (Lair:1)
  2 yaktaur skeletons (Vaults:2)
  15 polar bears
  7 trolls
  35 hornets
  10 tyrant leeches
  A hellwing (D:12)
  5 raiju (Lair:5)
  A tarantella (shapeshifter) (Vaults:4)
  Prince Ribbit (D:6)
  8 dream sheep
  12 blink frogs
  A frost giant simulacrum (Depths:1)
  2 spriggan zombies
  5 glass eyes
  52 slime creatures
  Sigmund (D:6)
  8 wyverns
  2 ettin skeletons (Vaults:2)
  3 water elementals
  2 elf skeletons (Vaults:2)
  21 spriggans
  A vampire (D:12)
  A wyvern (shapeshifter) (D:14)
  14 humans (D:13)
  4 basilisks
  3 hogs (D:14)
  A human (shapeshifter) (D:15)
  7 wargs
  61 yaks
  9 vampire mosquitoes
  3 redbacks (Lair:5)
  47 nagas
  18 swamp worms
  12 hell hounds (Lair:5)
  An acid dragon (D:10)
  25 water moccasins
  15 swamp drakes
  30 orc warriors
  2 sky beasts
  2 ice beasts
  21 black bears
  A crocodile (Snake:3)
  A black bear (shapeshifter) (Zot:4)
  5 boggarts (Vaults:1)
  2 laughing skulls (D:15)
  8 ogres
  23 wolves
  A tengu (Snake:3)
  10 centaurs
  3 kobold brigands
  5 elf zombies (Ossuary)
  Blork the orc (D:6)
  A weeping skull (D:6)
  7 bullfrogs
  2 scorpions
  6 human skeletons (Vaults:2)
  3 wights (D:6)
  An electric eel (D:11)
  4 bombardier beetles
  11 howler monkeys
  3 crimson imps (D:4)
  4 centaur zombies (Ossuary)
  3 hounds
  A jelly (D:4)
  Crazy Yiuf (D:2)
  2 human zombies (Ossuary)
  24 orc priests
  2 sleepcaps
  4 iguanas
  29 orc wizards
  2 spriggan simulacra
  2 troll simulacra (D:11)
  3 mummies (Ossuary)
  11 gnolls
  11 adders
  2 naga simulacra (D:11)
  2 shadow imps
  A white imp (D:6)
  4 ufetubi
  2 dart slugs
  5 ribbon worms
  82 orcs
  15 ball pythons
  10 endoplasms
  6 giant cockroaches
  7 hobgoblins
  A jackal (D:12)
  5 quokkas
  6 bats
  5 frilled lizards
  8 goblins
  21 kobolds
  4 rats
  A spectral orc (D:6)
  An aspiring flesh (Zot:2)
  A spectral weapon (Vaults:5)
1963 creatures vanquished.

Vanquished Creatures (collateral kills)
  A hellephant (Depths:4)
  Gastronok (Lair:3)
  A shadow dragon (Depths:2)
  Nessos (D:13)
  6 hydras
  An anaconda (Snake:3)
  A naga warrior (Snake:3)
  2 orc high priests (Orc:2)
  2 hell knights (Depths:4)
  A naga ritualist (Snake:3)
  2 swamp dragons (Swamp:4)
  A bog body (Swamp:4)
  An orc knight (Orc:2)
  An orc sorcerer (Orc:2)
  A kobold blastminer (Orc:2)
  A red devil (Orc:2)
  A polar bear (Lair:3)
  A hornet (D:5)
  7 blink frogs (Lair:5)
  5 yaks
  2 humans (D:13)
  Eustachio (D:6)
  A swamp worm (Swamp:4)
  3 water moccasins (Lair:5)
  6 orc warriors
  4 swamp drakes (Swamp:4)
  3 wolves (Lair:5)
  2 bullfrogs (Lair:4)
  An electric eel (Snake:3)
  6 orc priests (Orc:2)
  7 orcs (Orc:2)
74 creatures vanquished.

Vanquished Creatures (others)
  A tentacled monstrosity (Zot:5)
  An eldritch tentacle (Zot:5)
  A storm dragon (Zot:5)
  A draconian shifter (Zot:5)
  A draconian annihilator (Depths:4)
  A titan skeleton (Depths:2)
  A deep troll (Vaults:5)
  An orc knight (Vaults:5)
  A bloated husk (Swamp:2)
  A human (D:15)
  A naga (Snake:4)
  An orc warrior (Vaults:5)
  An orc priest (Orc:2)
  16 foxfires (Swamp:3)
29 creatures vanquished.

Grand Total: 2066 creatures vanquished

Notes
Turn   | Place    | Note
-------+----------+-------------------------------------------
     0 | D:1      | Colgate the Minotaur Fighter began the quest for the Orb.
     0 | D:1      | Reached XP level 1. HP: 19/19 MP: 0/0
   178 | D:1      | Reached XP level 2. HP: 26/27 MP: 1/1
   752 | D:2      | Reached XP level 3. HP: 29/33 MP: 2/2
   851 | D:2      | Found a runed translucent door.
   852 | D:2      | Noticed Crazy Yiuf
  1018 | D:2      | Reached XP level 4. HP: 35/41 MP: 3/3
  1521 | D:2      | Killed Crazy Yiuf
  1703 | D:3      | Reached XP level 5. HP: 47/47 MP: 4/4
  1785 | D:3      | Found a faded altar of an unknown god.
  1861 | D:3      | Prayed at the altar of an unknown god.
  1861 | D:3      | Became a worshipper of Nemelex Xobeh the Trickster
  1861 | D:3      | Reached * piety under Nemelex Xobeh
  1893 | D:3      | Received a gift from Nemelex Xobeh
  1914 | D:3      | Reached skill level 5 in Armour
  1914 | D:3      | Reached skill level 5 in Shields
  1917 | D:3      | Reached skill level 5 in Fighting
  1975 | D:3      | Reached XP level 6. HP: 50/56 MP: 5/5
  2182 | D:3      | Found a sacrificial altar of Ru.
  2784 | D:4      | Reached skill level 5 in Axes
  2874 | D:4      | Found a shimmering blue altar of Sif Muna.
  2903 | D:4      | Identified the +11 chain mail "Witaozxeq" {Will++}
  2914 | D:4      | Reached ** piety under Nemelex Xobeh
  3050 | D:4      | Found Gounior's Magic Scroll Emporium.
  3061 | D:4      | Bought a scroll of blinking for 97 gold pieces
  3061 | D:4      | Bought a scroll of teleportation for 39 gold pieces
  3061 | D:4      | Bought a scroll of identify for 26 gold pieces
  3061 | D:4      | Bought a scroll of enchant armour for 97 gold pieces
  3265 | D:4      | Reached XP level 7. HP: 36/61 MP: 6/6
  3471 | D:4      | Found Tiwiy's General Store.
  3666 | D:4      | Found a shimmering altar of Xom.
  3717 | D:5      | Entered Level 5 of the Dungeon
  3717 | D:5      | Noticed a hornet
  3729 | D:5      | Killed a hornet
  3964 | D:5      | Received a gift from Nemelex Xobeh
  4107 | D:5      | Found a broken altar of Ashenzari.
  4482 | D:6      | Reached XP level 8. HP: 66/68 MP: 7/7
  4489 | D:6      | Noticed Prince Ribbit
  4502 | D:6      | Killed Prince Ribbit
  4503 | D:6      | Reached skill level 10 in Axes
  4569 | D:6      | Noticed Eustachio
  4577 | D:6      | Killed Eustachio
  4599 | D:6      | Found a staircase to the Ecumenical Temple.
  4663 | D:6      | Found a sand-covered staircase.
  4763 | D:6      | Found a bloodstained altar of Trog.
  4858 | Ossuary  | Entered an ossuary
  4864 | Ossuary  | Reached *** piety under Nemelex Xobeh
  4873 | Ossuary  | Reached XP level 9. HP: 73/74 MP: 8/8
  5089 | D:6      | Found a shadowy altar of Dithmenos.
  5163 | D:6      | Noticed Sigmund
  5175 | D:6      | Killed Sigmund
  5183 | D:6      | Noticed Blork the orc
  5187 | D:6      | Killed Blork the orc
  5188 | D:6      | Reached skill level 1 in Invocations
  5193 | D:6      | Found Ethut's Specific Store.
  5197 | D:6      | Found Duim's General Store.
  5201 | D:6      | Bought a scroll of fog for 44 gold pieces
  5201 | D:6      | Bought a scroll of blinking for 82 gold pieces
  5219 | D:6      | Reached skill level 1 in Evocations
  5249 | D:6      | Found a glowing golden altar of the Shining One.
  5352 | D:6      | Found a basalt altar of Yredelemnul.
  5950 | D:7      | Found a glowing silver altar of Zin.
  6272 | D:7      | Received a gift from Nemelex Xobeh
  6554 | D:7      | Found an iron altar of Okawaru.
  6561 | D:7      | Found an opulent altar of Gozag.
  6564 | D:7      | Found a hide-covered altar of Uskayaw.
  6661 | D:8      | Found an ancient bone altar of Kikubaaqudgha.
  6664 | D:8      | Reached XP level 10. HP: 83/83 MP: 10/10
  7108 | D:8      | Found a snail-covered altar of Cheibriados.
  7486 | D:9      | Reached **** piety under Nemelex Xobeh
  7497 | D:9      | Reached skill level 15 in Axes
  7654 | D:9      | Received a gift from Nemelex Xobeh
  7685 | D:9      | Found a staircase to the Lair.
  7961 | D:9      | Found an ornate altar of the Wu Jian Council.
  8207 | D:10     | Entered Level 10 of the Dungeon
  8353 | D:10     | Received a gift from Nemelex Xobeh
  8552 | D:10     | Noticed an obsidian statue
  8555 | D:10     | Noticed a rust devil
  8555 | D:10     | Noticed a soul eater
  8567 | D:10     | Noticed a sun demon
  8734 | D:10     | Reached XP level 11. HP: 93/93 MP: 13/13
  9103 | D:11     | Found a staircase to the Orcish Mines.
  9103 | D:11     | Found a frozen archway.
  9155 | D:11     | Noticed a purple ugly thing
  9172 | D:10     | Killed a purple ugly thing
  9203 | D:11     | Noticed a soul eater
  9267 | D:11     | Noticed a sun demon
  9369 | D:11     | Reached skill level 5 in Invocations
  9477 | D:11     | You fall into a shaft and drop 1 floor!
  9496 | D:12     | Reached ***** piety under Nemelex Xobeh
  9524 | D:12     | Noticed a centaur warrior
  9525 | D:12     | Noticed a green ugly thing
  9539 | D:12     | Killed a centaur warrior
  9547 | D:12     | Killed a green ugly thing
  9608 | D:12     | Received a gift from Nemelex Xobeh
  9652 | D:12     | Noticed a boulder beetle
  9685 | D:12     | Killed a boulder beetle
 10097 | D:12     | Noticed a cyan ugly thing
 10108 | D:12     | Killed a cyan ugly thing
 10599 | D:12     | Noticed an orc knight
 10600 | D:12     | Identified the -1 hand axe "Uwuzesh" {freeze, rF- rC+ Will+
                  | Int+4}
 10603 | D:12     | Reached skill level 10 in Fighting
 10616 | D:12     | Reached skill level 10 in Armour
 10621 | D:12     | Killed an orc knight
 10622 | D:12     | Reached XP level 12. HP: 62/106 MP: 14/14
 10696 | D:12     | Paralysed by a hornet for 3 turns
 11297 | Lair:1   | Entered Level 1 of the Lair of Beasts
 11313 | Lair:1   | Identified the ring "Ypi Morei" {rN+ Will++ rCorr EV+5}
 11315 | Lair:1   | Noticed Jeremiah
 11375 | Lair:1   | Killed Jeremiah
 11495 | Lair:1   | Received a gift from Nemelex Xobeh
 11520 | Lair:1   | Noticed Fannar
 11544 | Lair:1   | Killed Fannar
 11695 | Lair:1   | Noticed Urug
 11707 | Lair:1   | Killed Urug
 11919 | Lair:1   | Received a gift from Nemelex Xobeh
 12555 | Lair:2   | Received a gift from Nemelex Xobeh
 12644 | Lair:2   | Found a staircase to the Snake Pit.
 12774 | Lair:2   | Identified the amulet of the Lotus Blossom {Acrobat rF+}
 12810 | Lair:2   | Reached ****** piety under Nemelex Xobeh
 13061 | Lair:3   | Noticed a five-headed hydra
 13064 | Lair:3   | a five-headed hydra changed into a guardian serpent
 13068 | Lair:3   | Noticed Gastronok
 13080 | Lair:3   | Killed Gastronok
 13081 | Lair:3   | Reached XP level 13. HP: 118/118 MP: 17/17
 13157 | Lair:3   | Received a gift from Nemelex Xobeh
 13621 | Lair:3   | Received a gift from Nemelex Xobeh
 13896 | D:4      | Bought a tin of tremorstones (2/2) for 440 gold pieces
 14237 | Lair:3   | Found a staircase to the Swamp.
 14402 | Lair:3   | Noticed Snorg
 14410 | Lair:3   | Killed Snorg
 14637 | Lair:4   | Received a gift from Nemelex Xobeh
 14957 | Lair:4   | Identified the -1 hand axe of Xoatewk {pain, rPois Will+}
 15108 | Lair:4   | Received a gift from Nemelex Xobeh
 15443 | Lair:4   | Received a gift from Nemelex Xobeh
 15451 | Lair:4   | Identified the +8 dagger "Giantbane" {vamp, Int+2 Dex+2}
 15764 | Lair:4   | Found a viscous altar of Jiyva.
 15764 | Lair:4   | Found a staircase to the Slime Pits.
 15777 | Lair:5   | Entered Level 5 of the Lair of Beasts
 16069 | Lair:5   | Reached XP level 14. HP: 100/132 MP: 20/20
 16179 | Lair:5   | Identified the +2 trident of Intimidation {pain, rElec
                  | Str+5}
 16218 | Lair:5   | Reached skill level 10 in Invocations
 16499 | Lair:5   | Paralysed by a hornet for 2 turns
 16543 | Lair:5   | Reached skill level 15 in Fighting
 16764 | Lair:5   | Noticed Rupert
 16765 | Lair:5   | Banished Rupert
 16766 | Lair:5   | Reached skill level 15 in Armour
 17026 | Lair:5   | Received a gift from Nemelex Xobeh
 17627 | Lair:5   | Identified the +4 crystal plate armour of the Moon {Slay+3}
 18274 | D:11     | Received a gift from Nemelex Xobeh
 18382 | Orc:1    | Entered Level 1 of the Orcish Mines
 18879 | Orc:2    | Entered Level 2 of the Orcish Mines
 19018 | Orc:2    | Received a gift from Nemelex Xobeh
 19089 | Orc:2    | Found a staircase to the Elven Halls.
 19405 | Orc:2    | Reached XP level 15. HP: 142/144 MP: 22/22
 19809 | Orc:2    | Found Vyal's Distillery.
 19817 | Orc:2    | Reached skill level 10 in Shields
 19826 | Orc:2    | Found Ruvyniph's General Store.
 20235 | Orc:2    | Bought a potion of haste for 150 gold pieces
 21459 | Orc:2    | Found Jeevuvef's Antique Weapon Shop.
 21459 | Orc:2    | Found Dolu's Book Boutique.
 21460 | Orc:2    | Found a one-way gate leading to the halls of Pandemonium.
 21698 | Orc:1    | Received a gift from Nemelex Xobeh
 22102 | D:13     | Found a gate to the Vaults.
 22102 | D:13     | Noticed Nessos
 22118 | D:13     | Identified the +0 hand axe "Avuxae Woci" {spect, Int+2}
 22126 | D:13     | Killed Nessos
 22892 | D:13     | Received a gift from Nemelex Xobeh
 23648 | D:14     | Identified the +6 flail "Acarinebane" {elec, rC+ rN+ rCorr
                  | Dex-4}
 23804 | D:14     | Received a gift from Nemelex Xobeh
 24010 | D:14     | Found Fasienlu's General Store.
 24014 | D:14     | Bought a scroll of teleportation for 51 gold pieces
 24014 | D:14     | Bought a scroll of fear for 68 gold pieces
 24307 | D:14     | Received a gift from Nemelex Xobeh
 24412 | D:15     | Entered Level 15 of the Dungeon
 24443 | D:15     | Found a staircase to the Depths.
 24474 | D:15     | Noticed Kirke
 24633 | D:14     | Killed Kirke
 24634 | D:14     | Reached XP level 16. HP: 123/155 MP: 24/24
 24776 | D:15     | Noticed Jorgrun
 24783 | D:15     | Killed Jorgrun
 25064 | D:15     | Found a radiant altar of Vehumet.
 25133 | D:15     | Found a radiant altar of Vehumet.
 25546 | D:15     | Received a gift from Nemelex Xobeh
 25848 | Snake:1  | Entered Level 1 of the Snake Pit
 25898 | Snake:1  | Found Vovvoj's Distillery.
 26025 | Snake:1  | Bought a potion of curing for 54 gold pieces
 26025 | Snake:1  | Bought a potion of resistance for 180 gold pieces
 26108 | Snake:1  | Received a gift from Nemelex Xobeh
 27090 | Snake:1  | Received a gift from Nemelex Xobeh
 29067 | Snake:3  | Received a gift from Nemelex Xobeh
 29508 | Snake:3  | Reached XP level 17. HP: 163/163 MP: 25/25
 29954 | Snake:3  | Received a gift from Nemelex Xobeh
 30280 | Snake:3  | Reached skill level 15 in Shields
 31370 | Snake:3  | Received a gift from Nemelex Xobeh
 31486 | Snake:4  | Entered Level 4 of the Snake Pit
 35415 | Snake:4  | Noticed Agnes
 35420 | Snake:4  | Killed Agnes
 37444 | Snake:4  | Noticed Nikola
 37456 | Snake:4  | Killed Nikola
 39289 | Snake:4  | Received a gift from Nemelex Xobeh
 39566 | Snake:4  | Got a serpentine rune of Zot
 39836 | D:6      | Bought a scroll of enchant armour for 82 gold pieces
 39836 | D:6      | Bought a scroll of enchant weapon for 82 gold pieces
 40047 | Orc:2    | Bought a scroll of teleportation for 36 gold pieces
 40250 | Swamp:1  | Entered Level 1 of the Swamp
 40290 | Swamp:1  | Noticed Donald
 40293 | Swamp:1  | Donald changed into Donald the brown ugly thing
 40293 | Swamp:1  | Noticed Donald
 40293 | Swamp:1  | Killed Donald the white ugly thing
 40333 | Swamp:1  | Reached XP level 18. HP: 153/178 MP: 24/26
 40364 | Swamp:1  | Identified the serpent talisman "Hiuriry" {Int+3}
 40364 | Swamp:1  | Noticed Aizul
 40386 | Swamp:1  | Aizul changed into Aizul the cyclops
 40386 | Swamp:1  | Noticed Aizul
 40389 | Swamp:1  | Killed Aizul the cyclops
 41107 | Swamp:2  | Noticed Mlioglotl
 41118 | Swamp:2  | Killed Mlioglotl
 42269 | Swamp:3  | Received a gift from Nemelex Xobeh
 42900 | Swamp:4  | Entered Level 4 of the Swamp
 43392 | Swamp:4  | Identified the +1 long sword of the Vaults {freeze, Int+2
                  | Dex+4}
 43644 | Swamp:4  | Got a decaying rune of Zot
 43972 | Swamp:4  | Found a sparkling altar of Nemelex Xobeh.
 44040 | Swamp:4  | Received a gift from Nemelex Xobeh
 44513 | Vaults:1 | Entered Level 1 of the Vaults
 44518 | Vaults:1 | Reached XP level 19. HP: 170/189 MP: 27/27
 45421 | Vaults:1 | Found Wucext's Book Shop.
 45466 | Vaults:2 | Received a gift from Nemelex Xobeh
 45589 | Vaults:2 | Found a staircase to the Crypt.
 46087 | Vaults:2 | Identified the +7 chain mail "Higraid" {rF+ Dex+4}
 46110 | Vaults:2 | Received a gift from Nemelex Xobeh
 46484 | Vaults:2 | Reached skill level 5 in Evocations
 47374 | Vaults:3 | Reached XP level 20. HP: 202/202 MP: 28/28
 47374 | Vaults:3 | Noticed Bai Suzhen
 47380 | Vaults:2 | Paralysed by a formless jellyfish for 1 turns
 47417 | Vaults:3 | Killed Bai Suzhen
 47819 | Vaults:3 | Identified the +1 leather armour of the Little Devil
                  | {rCorr}
 47830 | Vaults:3 | Received a gift from Nemelex Xobeh
 47961 | Vaults:3 | You fall into a shaft and drop 1 floor!
 48163 | Vaults:3 | Received a gift from Nemelex Xobeh
 48440 | Vaults:3 | Received a gift from Nemelex Xobeh
 49901 | Vaults:3 | Received a gift from Nemelex Xobeh
 50283 | Vaults:4 | Received a gift from Nemelex Xobeh
 50470 | Vaults:4 | Found Bifomoqu's Magic Scroll Shoppe.
 50487 | Vaults:4 | Bought a scroll of summoning for 199 gold pieces
 50487 | Vaults:4 | Bought a scroll of brand weapon for 199 gold pieces
 51031 | Vaults:4 | Received a gift from Nemelex Xobeh
 51433 | Depths:1 | Entered Level 1 of the Depths
 51537 | Depths:1 | Noticed Mara
 51538 | Depths:1 | Killed Mara
 51564 | Depths:1 | Reached XP level 21. HP: 181/212 MP: 24/29
 51677 | Depths:1 | Noticed Sojobo
 51695 | Depths:1 | Paralysed by an air elemental for 1 turns
 51701 | Depths:1 | Killed Sojobo
 51938 | Depths:1 | Found a white marble altar of Elyvilon.
 52099 | Depths:1 | Found a one-way gateway to a ziggurat.
 52105 | Depths:1 | Received a gift from Nemelex Xobeh
 52106 | Depths:1 | Identified the serpent talisman of Mumblety Peg {+Blink
                  | rN++ Int-3 Stlth+}
 52259 | Depths:1 | Found Wafur's Magic Scroll Shop.
 52261 | Depths:1 | Found Jioska's Assorted Antiques.
 52263 | Depths:1 | Found Kiakk's Antique Weapon Shop.
 52267 | Depths:1 | Bought a scroll of blinking for 97 gold pieces
 52267 | Depths:1 | Bought a scroll of enchant armour for 97 gold pieces
 52267 | Depths:1 | Bought a scroll of enchant weapon for 97 gold pieces
 52267 | Depths:1 | Bought a scroll of summoning for 123 gold pieces
 52267 | Depths:1 | Bought a scroll of teleportation for 39 gold pieces
 52267 | Depths:1 | Bought a scroll of fog for 52 gold pieces
 52495 | Depths:1 | Found a gateway to Hell.
 52889 | Depths:2 | Received a gift from Nemelex Xobeh
 52953 | Depths:2 | Reached skill level 1 in Dodging
 53396 | Depths:2 | Found a broken altar of Ashenzari.
 53428 | Depths:2 | Received a gift from Nemelex Xobeh
 53527 | Depths:2 | Found a one-way gate to the infinite horrors of the Abyss.
 54477 | Depths:2 | Found a runed translucent door.
 54479 | Depths:2 | Identified the +8 flail "Beastbane" {spect, rElec}
 54479 | Depths:2 | Identified the amulet "Qabor" {Reflect ^Drain rC+ rCorr
                  | SH+5}
 56006 | Depths:3 | Received a gift from Nemelex Xobeh
 56012 | Depths:3 | Identified the orb of Tytompek {*channel, -Tele *Slow rCorr
                  | Int+7}
 56012 | Depths:3 | Noticed Frederick
 56029 | Depths:2 | Killed Frederick
 56404 | Depths:3 | Received a gift from Nemelex Xobeh
 56648 | Depths:3 | Reached XP level 22. HP: 194/215 MP: 30/30
 56742 | Depths:3 | Found Daozotiw's Jewellery Shoppe.
 56742 | Depths:3 | Found Vurhuar's Book Boutique.
 56743 | Depths:3 | Found Ewahif's Jewellery Shoppe.
 56749 | Depths:3 | Bought the ring of Res Nullius {Wiz rElec Int+3 SInv
                  | Stlth+} for 1375 gold pieces
 56838 | Depths:3 | Found Getuz's Jewellery Shoppe.
 56974 | Depths:4 | Entered Level 4 of the Depths
 57130 | Depths:4 | Noticed a caustic shrike
 57130 | Depths:4 | Noticed a caustic shrike
 57132 | Depths:4 | Noticed a caustic shrike
 57135 | Depths:4 | Killed a caustic shrike
 57141 | Depths:4 | Killed a caustic shrike
 57148 | Depths:4 | Killed a caustic shrike
 57149 | Depths:4 | Reached skill level 5 in Dodging
 57251 | Depths:4 | Reached skill level 10 in Evocations
 57559 | Depths:4 | Received a gift from Nemelex Xobeh
 57771 | Depths:4 | Noticed Margery
 57784 | Depths:4 | Killed Margery
 58065 | Depths:4 | Found Hiant's Weapon Shoppe.
 58065 | Depths:4 | Found Jiczihec's Armour Emporium.
 58230 | Depths:4 | Noticed a juggernaut
 58237 | Depths:4 | Killed a juggernaut
 58280 | Depths:4 | Noticed a golden dragon
 58303 | Depths:4 | Killed a golden dragon
 58550 | Depths:4 | Found a gate to the Realm of Zot.
 58792 | Vaults:5 | Entered Level 5 of the Vaults
 58792 | Vaults:5 | Received a gift from Nemelex Xobeh
 58814 | Vaults:5 | Noticed a dread lich
 58826 | Vaults:5 | Killed a dread lich
 58850 | Vaults:5 | Noticed an ancient lich
 58933 | Vaults:5 | Identified the +3 sling of Affoludgh {flame, rF++ Will+}
 58949 | Vaults:5 | Identified the +1 ring mail of Sunlight {Fly Stlth+}
 58980 | Vaults:5 | Identified the +6 whip of Sulphur {speed, *Rage rPois
                  | Stlth+}
 59012 | Vaults:5 | Received a gift from Nemelex Xobeh
 59395 | Vaults:5 | Noticed a dread lich
 59494 | Vaults:5 | Killed a dread lich
 59854 | Vaults:4 | Killed an ancient lich
 59855 | Vaults:4 | Reached XP level 23. HP: 137/232 MP: 32/32
 60071 | Vaults:5 | Identified the amulet "Meon" {RegenMP rElec Str+2 Stlth+}
 60104 | Vaults:5 | Noticed an ancient lich
 60164 | Vaults:4 | Killed an ancient lich
 60813 | Vaults:5 | Identified the +1 falchion of Classification {protect,
                  | Dex+5}
 61620 | Vaults:5 | Identified the +9 great sword of Infinity {spect, rF- Dex+8
                  | Stlth+}
 62706 | Vaults:5 | Got a silver rune of Zot
 62773 | Vaults:5 | Got the Secrets of the Curse
 62777 | Vaults:5 | Got the Guidebook on Sandy Imprecation
 62901 | Vaults:5 | Received a gift from Nemelex Xobeh
 63152 | Vaults:5 | Received a gift from Nemelex Xobeh
 64063 | Zot:1    | Entered Level 1 of the Realm of Zot
 64180 | Depths:1 | Bought a scroll of revelation for 217 gold pieces
 64180 | Depths:1 | Bought a potion of might for 116 gold pieces
 64364 | Vaults:4 | Bought a scroll of revelation for 157 gold pieces
 64695 | D:4      | Bought a scroll of revelation for 97 gold pieces
 69299 | Zot:2    | Reached skill level 15 in Invocations
 72421 | Zot:3    | Reached skill level 10 in Dodging
 72568 | Zot:2    | Reached XP level 24. HP: 163/243 MP: 33/33
 74133 | Zot:3    | Received a gift from Nemelex Xobeh
 74391 | Zot:3    | Noticed a dread lich
 74421 | Zot:4    | Killed a dread lich
 75516 | Zot:5    | Entered Level 5 of the Realm of Zot
 76181 | Zot:5    | Noticed Muataran's ghost (veteran MiMo)
 76182 | Zot:5    | Found a transporter.
 76213 | Zot:5    | Found a transporter.
 77737 | Zot:5    | Noticed a dread lich
 77737 | Zot:5    | Noticed a dread lich
 77737 | Zot:5    | Noticed an orb of fire
 77737 | Zot:5    | Noticed a Killer Klown
 77738 | Zot:5    | Noticed an ancient lich
 77738 | Zot:5    | Noticed a dread lich
 77777 | Zot:5    | Killed an orb of fire
 77783 | Zot:5    | Killed an ancient lich
 77794 | Zot:5    | Killed a dread lich
 78164 | Zot:5    | Noticed a Killer Klown
 78195 | Zot:5    | Killed a Killer Klown
 78511 | Zot:5    | Killed a dread lich
 78515 | Zot:5    | Killed a dread lich
 78536 | Zot:5    | Killed a Killer Klown
 78592 | Zot:5    | Noticed an orb of fire
 78603 | Zot:5    | Gained mutation: Your mind is acute. (Int +4, Str/Dex -1)
                  | [an orb of fire]
 78614 | Zot:5    | Gained mutation: You do not regenerate when monsters are
                  | visible. [an orb of fire]
 78618 | Zot:5    | Gained mutation: Armour fits poorly on your strangely
                  | shaped body. [an orb of fire]
 78621 | Zot:5    | Killed an orb of fire
 78622 | Zot:5    | Lost mutation: Armour fits poorly on your strangely shaped
                  | body. [potion of mutation]
 78622 | Zot:5    | Lost mutation: Your mind is acute. (Int +4, Str/Dex -1)
                  | [potion of mutation]
 78622 | Zot:5    | Gained mutation: Your flesh is heat resistant. (rF+)
                  | [potion of mutation]
 78622 | Zot:5    | Gained mutation: You are dopey. (Int -2) [potion of
                  | mutation]
 78622 | Zot:5    | Gained mutation: You have sharp toenails. [potion of
                  | mutation]
 78623 | Zot:5    | Lost mutation: You do not regenerate when monsters are
                  | visible. [potion of mutation]
 78623 | Zot:5    | Lost mutation: You have sharp toenails. [potion of
                  | mutation]
 78623 | Zot:5    | Gained mutation: You have large cloven feet. [potion of
                  | mutation]
 78623 | Zot:5    | Gained mutation: You are strong-willed. (Will+) [potion of
                  | mutation]
 78829 | Zot:5    | Noticed an ancient lich
 78842 | Zot:5    | Killed an ancient lich
 81676 | Zot:5    | Reached XP level 25. HP: 254/254 MP: 34/34
 82173 | Zot:5    | Got the Orb of Zot
 82236 | Zot:3    | Noticed an orb of fire
 82490 | D:15     | Noticed Damuale the pandemonium lord
 82662 | D:10     | Noticed Moxzeaqu the pandemonium lord
 82678 | D:9      | Noticed Oxiger the pandemonium lord
 82691 | D:8      | Killed Oxiger the pandemonium lord
 82868 | D:5      | Noticed Teeraof the pandemonium lord
 83009 | D:$      | Escaped with the Orb!

Illustrated notes

Levels and vault maps discovered:
D:1:      lightli_arrival_statue_moat, layout_loops_ring
D:2:      layout_loops_ring, minmay_increasing_density, uniq_crazy_yiuf_cottage
D:3:      layout_basic, nicolae_ru_the_path_less_chosen,
          chequers_ecumenical_altar_island, chequers_decorated_corner,
          kennysheep_generic_room_3
D:4:      layout_cave_pods, nicolae_sif_muna_condensation, led_xom_imps,
          serial_shops, shop, kennysheep_little_box, skrybe_limestone_x,
          kennysheep_generic_room_16
D:5:      layout_loops_ring, mainiacjoe_overflow_small_starburst
D:6:      layout_rooms, trog_ov_bears_minmay, lemuel_doored_altar,
          yredelemnul_forgotten_temple_becter, nicolae_dithmenos_shadow_blocks,
          minmay_temple_entry_arrows, chequers_ossuary_entry_cave, nrook_uturn,
          minmay_misc_feat_diagonals, nicolae_specific_store, uniq_sigmund,
          uniq_blork_the_orc, uniq_prince_ribbit1, uniq_eustachio
D:7:      layout_loops_corners, old_standard_altar,
          grunt_temple_overflow_diamond
D:8:      layout_gridville, cheibrodos_worm_habitat, overflow_temple_1_default
D:9:      layout_rooms, mainiacjoe_overflow_alcove_1,
          nicolae_overflow_hidden_temple, lair_entry_dummy,
          chequers_serial_rivers_small_3, serial_park_tiny_2, minivault_11
D:10:     layout_basic, minivault_15
D:11:     cheibrodos_helix_gallery, layout_rooms,
          portal_ice_cave_entry_ice_simulacra
D:12:     layout_stronghold, grunt_ministairs_2, introduction_to_nature_1
D:13:     cheibrodos_fzero, layout_grid_maze, david_vaults_3, serial_library,
          serial_library_hellmonk_hallway_a,
          serial_library_regret_index_branch_corner,
          serial_library_hellmonk_u_bend, serial_library_hellmonk_room_b,
          serial_library_hellmonk_small_alcove,
          serial_library_hellmonk_filled_rooms, drop_trap
D:14:     layout_gridville, serial_shops, shop
D:15:     gammafunk_depths_entry_grave, layout_loops_ring,
          lemuel_coloured_pillars_altar, fiery_altar_vehumet, uniq_kirke,
          uniq_jorgrun
Lair:1:   beast_lair_carwin_large_3, layout_regular_city, uniq_fannar,
          uniq_jeremiah, uniq_urug
Lair:2:   layout_hall_layers, minmay_snake_entry_spellcaster,
          grunt_forest_large_clearings
Lair:3:   layout_hall_layers, mainiacjoe_swamp_entry_lozenge_pond, st_stairs_5,
          grunt_megastairs_3, uniq_gastronok, uniq_snorg
Lair:4:   layout_gridlike, dpeg_slime_entry_enclosed
Lair:5:   hangedman_lair_caniforms_friends, layout_cellular_growth,
          hangedman_lair_tendril_chambers, lemuel_fruit_tree, uniq_rupert
Swamp:1:  layout_falls_marsh, evilmike_swamp_ruin_house_5,
          infiniplex_staircase_pool, uniq_aizul, uniq_donald
Swamp:2:  layout_basic_swamp, nicolae_swamp_triple_paths, swamp_pool_5,
          nicolae_swamp_bloodsuckers_inc, uniq_mlioglotl
Swamp:3:  layout_basic_swamp, hangedman_swamp_ruin_wall,
          nicolae_swamp_drake_lake
Swamp:4:  swamp_basic_johnstein, layout_basic_swamp, swamp_pool_1_2,
          nicolae_swamp_godswood, nicolae_swamp_decorative_isthmus
Snake:1:  layout_onion, serial_shops, shop, drop_trap,
          hangedman_snake_corridor_split
Snake:2:  layout_misc_corridors, nicolae_snake_boneroom
Snake:3:  layout_onion, nicolae_twisty_statue_hallways, serial_bayou_shore_a,
          grunt_megastairs_1
Snake:4:  johnstein_snake_rune_scales, layout_cave_town, nicolae_integral_box,
          uniq_nikola, uniq_agnes
Orc:1:    layout_diamond_mine
Orc:2:    pf_orc_diabolical, layout_caves, lemuel_statue_altar,
          nicolae_orc_pool_cavern
Vaults:1: hangedman_vaults_corner_blocks, ontoclasm_vaults_fault,
          hangedman_vaults_cutoff, v_alt_pattern_2, v_misc_1, v_misc_24,
          v_pattern_3, nicolae_vaults_alarming, vaults_room_hangedman_quadrants,
          nicolae_vaults_prndl, nicolae_vaults_twisting_passages,
          nicolae_vaults_tetromino_T_2, nicolae_vaults_double_plus_1,
          layout_vaults_omnibox, serial_shops, nicolae_shop_real_fake_doors
Vaults:2: hangedman_vaults_cutoff, minmay_crypt_entry_skeletal_spiral,
          nicolae_vaults_hexular_roomagon, nicolae_vaults_big_angled_halls,
          ontoclasm_vaults_spin, vaults_room_corners,
          nicolae_vaults_closet_pinwheel_4, nicolae_vaults_diamond_1,
          nicolae_vaults_tetromino_L_1, v_alt_pattern_3,
          vaults_dpeg_emergency_exit, vaults_room_guarded_vault,
          layout_vaults_maze_snakey
Vaults:3: nicolae_vaults_steering_wheel, vaults_room_fours,
          nicolae_vaults_circle_grid_b, v_misc_29, grunt_vaults_twisty,
          vaults_dpeg_doors, nicolae_vaults_trapezoid_lopsided_1, v_misc_15,
          vaults_dpeg_spiral, v_misc_26, nicolae_vaults_theta,
          nicolae_vaults_tetromino_T_2, nicolae_vaults_windows_and_doors_thing,
          vaults_dpeg_ring, layout_vaults_omnigrid, uniq_bai_suzhen
Vaults:4: v_misc_16, vaults_room_pool, nicolae_vaults_halls_meeting,
          nicolae_vaults_hallways_thing, v_misc_10, ontoclasm_vaults_pinch,
          nicolae_vaults_trapezoid_1, nicolae_vaults_trapezoid_lopsided_3,
          nicolae_vaults_trapezoid_3, nicolae_vaults_oval_intersection,
          nicolae_vaults_closet_pinwheel_4, nicolae_vaults_tetromino_T_2,
          layout_vaults_ring, serial_shops, shop
Vaults:5
Depths:1: layout_cave_shapes, enter_ziggurat_f, hellmouth_1, st_stairs_12,
          elyvilon_altar_3, minmay_shop_star, infiniplex_staircase_pool_lava,
          uniq_sojobo, uniq_mara
Depths:2: minmay_gate_of_8, layout_cave_pools,
          nicolae_abyss_entry_one_way_or_another, rand_demon_pan_entry_7,
          hangedman_coc_ice_floe, cheibrodos_ashenzari_chains,
          dreamdust_wasp_nest, serial_bayou_shore_b, serial_bayou_shore_b
Depths:3: hangedman_arrow_trap, layout_cave_shapes, serial_shops,
          nicolae_shop_trees, hell_entry, serial_bayou_pond_a, abyss_entry,
          infiniplex_staircase_pool_2, minmay_shop_grove, uniq_frederick
Depths:4: evilmike_zot_entry_hall, layout_gridlike, kennysheep_flooded_box,
          hell_entry, minmay_shoptagon, uniq_margery
Zot:1:    grunt_deathspiral_small, layout_onion_interference,
          hangedman_zot_wheel_spokes, st_stairs_3
Zot:2:    layout_basic
Zot:3:    hangedman_zot_vaults_quadrants, layout_concentric_octagons
Zot:4:    gammafunk_its_a_trap, layout_twisted_circle, st_large_dragon_hoard_2
Zot:5:    layout_concentric_octagons, gammafunk_ghost_arena

Skill      XL: |  1  2  3  4  5  6  7  8  9 10 11 12 13 14 15 16 17 18 19 20 21 22 23 24 |
---------------+-------------------------------------------------------------------------+-----
Armour         | 4 5 6 7 10 12 14 15 16 18 19 21 22 23 24 25 26 | 26.3
Fighting       | 4 5 6 7 10 12 14 16 17 18 19 21 22 23 24 25 26 | 26.5
Axes           | 3 4 6 9 12 14 15 16 18 | 18.0
Shields        | 4 5 7 9 12 14 16 18 20 21 22 23 24 | 24.5
Invocations    | 2 4 5 7 9 11 12 13 14 15 16 | 16.4
Evocations     | 2 3 4 5 8 9 11 12 13 | 13.3
Dodging        | 4 7 10 12 | 12.3

Action                     |  1- 3 |  4- 6 |  7- 9 | 10-12 | 13-15 | 16-18 | 19-21 | 22-24 | 25-27 || total
---------------------------+-------+-------+-------+-------+-------+-------+-------+-------+-------++-------
  Melee: War axe           |    55 |   162 |   287 |   749 |  1148 |       |       |       |       ||  2401
         Headbutt          |     4 |    15 |    57 |   141 |   299 |   227 |   391 |   506 |    44 ||  1684
         Broad axe         |       |       |       |       |    75 |  1099 |  1279 |  1502 |   131 ||  4086
         Kick              |       |       |       |       |       |       |       |    34 |    67 ||   101
 Invoke: Draw Destruction  |       |       |     7 |    10 |    16 |    17 |     1 |    13 |       ||    64
         Draw Summoning    |       |       |     2 |     9 |    16 |     6 |       |       |       ||    33
         Draw Escape       |       |       |       |     1 |       |       |       |       |       ||     1
         Deal Four         |       |       |       |       |     4 |     6 |     3 |     4 |       ||    17
         Stack Five        |       |       |       |       |     1 |       |       |       |       ||     1
         Draw Stack        |       |       |       |       |     1 |     1 |     1 |     2 |       ||     5
  Evoke: Wand              |       |       |       |       |     1 |     3 |       |     8 |     3 ||    15
         Phial of floods   |       |       |       |       |       |     1 |       |       |       ||     1
         Phantom mirror    |       |       |       |       |       |     1 |       |       |       ||     1
         Tin of tremorston |       |       |       |       |       |       |       |     5 |       ||     5
    Use: Scroll            |       |       |       |       |       |    32 |     4 |    14 |     6 ||    56
         Potion            |       |       |       |       |       |       |     3 |    13 |    11 ||    27
   Stab: Distracted        |       |       |       |     1 |     3 |     2 |       |     1 |       ||     7
         Invisible         |       |       |       |       |       |     1 |       |     8 |       ||     9
 Armour: Scale mail        |    33 |   154 |     2 |       |       |       |       |       |       ||   189
         Chain mail        |       |       |   215 |   687 |   483 |       |       |       |       ||  1385
         Crystal plate arm |       |       |       |       |   500 |   767 |   689 |   524 |       ||  2480
         Gold dragon scale |       |       |       |       |       |       |       |   345 |    33 ||   378
         Skin              |       |       |       |       |       |       |       |     1 |       ||     1
  Dodge: Dodged            |    15 |    73 |    94 |   256 |   624 |   296 |   266 |   476 |    28 ||  2128
  Block: Buckler           |    11 |    38 |    61 |   170 |   314 |       |       |       |       ||   594
         Kite shield       |       |       |       |       |    33 |   147 |       |       |       ||   180
         Tower shield      |       |       |       |       |       |   823 |  1118 |  1298 |    98 ||  3337
